 Dungeon Crawl Stone Soup version 0.30-a0-800-g7c544603b3 (webtiles) character file.

Game seed: 16015392921766213749

47974 Popcorn the Spear-Bearer (level 14, -5/118 HPs)
             Began as a Human Cinder Acolyte on Feb 22, 2023.
             Was a Believer of Okawaru.
             Slain by a fire elemental (10 damage)
             ... created by the fiery vengeance of Ignis
             ... on level 1 of the Orcish Mines.
             The game lasted 02:28:08 (35609 turns).

Popcorn the Spear-Bearer (Human Cinder Acolyte)    Turns: 35609, Time: 02:28:09

Health: -5/118     AC: 19    Str: 22    XL:     14   Next: 84%
Magic:  15/15      EV: 13    Int: 14    God:    Okawaru [**....]
Gold:   1937       SH:  0    Dex:  9    Spells: 15/15 levels left

rFire   . . .      SeeInvis +    H - +1 glaive
rCold   . . .      Faith    .    (shield currently unavailable)
rNeg    . . .      Spirit   .    s - +2 ring mail of Pathos {Str+2 SInv}
rPois   .          Reflect  .    h - +2 helmet
rElec   .          Harm     .    e - +1 cloak
rCorr   .          Rampage  .    b - +0 pair of gloves
Will    +....                    x - +2 pair of boots Stlth
                                 (no amulet)
HPRegen 0.39/turn                d - ring of see invisible
MPRegen 0.14/turn                (no ring)

@: about to teleport, fire susceptible
A: no striking features
a: Renounce Religion, Heroism


You were on level 1 of the Orcish Mines.
You worshipped Okawaru.
Okawaru was pleased with you.
You visited 4 branches of the dungeon, and saw 22 of its levels.

You collected 2348 gold pieces.
You spent 411 gold pieces at shops.

Inventory:

Hand Weapons
 r - a +0 trident
 D - a +0 halberd of venom
 H - a +1 glaive (weapon)
Missiles
 a - 24 poisoned darts
 o - a boomerang of dispersal
 t - a boomerang (quivered)
 y - 5 javelins
 F - 17 large rocks
Armour
 b - a +0 pair of gloves (worn)
 e - a +1 cloak (worn)
 f - a +0 kite shield
 h - a +2 helmet (worn)
 j - a +1 troll leather armour {Snorg}
 s - the +2 ring mail of Pathos (worn) {Str+2 SInv}
   (You found it on level 12 of the Dungeon)

   Str:       It affects your strength (+2).
   SInv:      It lets you see invisible.
 x - a +2 pair of boots (worn)
 A - a +1 scale mail of fire resistance
Jewellery
 d - a ring of see invisible (left hand)
Wands
 w - a wand of digging (4)
Scrolls
 k - 4 scrolls of immolation
 v - a scroll of teleportation
 B - 6 scrolls of poison
Potions
 c - a potion of attraction {unknown}
 g - 2 potions of lignification
 i - 7 potions of flight
 n - a potion of resistance {unknown}
 p - a potion of magic {unknown}
 q - a potion of mutation {unknown}
 u - 5 potions of brilliance
 z - 2 potions of cancellation {unknown}
 I - a potion of berserk rage


   Skills:
 + Level 13.1 Fighting
 + Level 13.3 Polearms
 - Level 8.1 Throwing
 - Level 8.2 Armour
 * Level 8.2 Dodging
 - Level 10.0 Shields
 - Level 1.0 Spellcasting
 - Level 3.0 Fire Magic


You had 15 spell levels left.
You didn't know any spells.
Your spell library contained the following spells:

 Spells                   Type           Power      Damage    Failure   Level
 Scorch                   Fire           18%        2d6       17%         2
 Beastly Appendage        Tmut           0%         N/A       36%         1
 Magic Dart               Conj           0%         1d3       36%         1
 Searing Ray              Conj           0%         2d4       52%         2
 Wereblood                Tmut           0%         N/A       52%         2
 Spider Form              Tmut/Pois      0%         N/A       75%         3
 Flame Wave               Conj/Fire      4%         2d5       91%         4
 Fulminant Prism          Conj/Hex       0%         3d5       98%         4
 Petrify                  Tmut/Erth      0%         N/A       98%         4
 Alistair's Intoxication  Tmut/Pois      0%         N/A       100%        5
 Borgnjor's Vile Clutch   Necr/Erth      0%         N/A       100%        5
 Iskenderun's Battlesphe  Conj           0%         2d6       100%        5
 Metabolic Englaciation   Hex/Ice        0%         N/A       100%        5
 Eringya's Noxious Bog    Tmut/Pois      0%         N/A       100%        6
 Iron Shot                Conj/Erth      0%         9d1       100%        6
 Statue Form              Tmut/Erth      0%         N/A       100%        6
 Storm Form               Tmut/Air       0%         N/A       100%        7
 Maxwell's Capacitive Co  Air            0%         ∞         100%        8
 Summon Lightning Spire   Summ/Air       Unusable   N/A       N/A         4
 Summon Forest            Summ/Tloc      Unusable   N/A       N/A         5
 Summon Cactus Giant      Summ           Unusable   N/A       N/A         6
 Spellforged Servitor     Conj/Summ      Unusable   N/A       N/A         7
 Summon Hydra             Summ           Unusable   N/A       N/A         7

Dungeon Overview and Level Annotations

Branches:
Dungeon (14/15)            Temple (1/1) D:6            Lair (5/5) D:8
 Shoals (0/4) Lair:2        Snake (0/4) Lair:2        Slime (0/5) Lair:5
    Orc (2/2) D:11            Elf (0/3) Orc:2        Vaults (0/5) D:14

Altars:
Ashenzari
Cheibriados
Elyvilon
Gozag
Hepliaklqana
Makhleb
Okawaru
Qazlal
Ru
Sif Muna
Trog
Uskayaw
Vehumet
Wu Jian
Xom
Yredelemnul
Zin
The Shining One

Shops:
D:2 :   D:7 [[   D:9 ?   Orc:1 *   Orc:2 :

Portals:
Abyss: Lair:4

Annotations:
Lair:4 2 transporters, F1ng0rz's ghost, journeyman DjCj


Message History

An orc comes into view. It is wielding a +0 whip.
The orc shouts!
A warg comes into view.
There is an entrance to Laafu's Book Boutique here.
An orc comes into view. It is wielding a +0 club.
The orc shouts!
The orc throws a boomerang.
The boomerang hits you but does no damage.
The orc throws a boomerang.
The boomerang barely misses you. "Attack, my last stalwart servants!" 2 fire elementals come into view.
Things that are here:
a +0 club; a +0 scale mail You see here a +0 flail.
The fire elemental hits you. The fire elemental burns you!
* * * LOW HITPOINT WARNING * * *
Things that are here:
a +0 short sword; a +0 dagger
There is a stone staircase leading up, spattered with blood here.
Things that are here:
a +0 robe; a +0 dagger The fire elemental hits you.
The fire elemental burns you!
* * * LOW HITPOINT WARNING * * *
The fire elemental hits you. The fire elemental burns you!
* * * LOW HITPOINT WARNING * * *
You climb upwards.
The orc knight shouts!
The orc warrior shouts!
The orc priest shouts!
The orc shouts!
The orc priest shouts!
The orc shouts! x2
The orc warrior shouts!
The orc wizard shouts!
The orc priest shouts!
You hear a shout! x12
There is a stone staircase leading down here.
Okay, then.
Okay, then.
As you read the scroll of teleportation, it crumbles to dust.
You feel strangely unstable.
You hear a shout!
The fire elemental hits you. The fire elemental burns you!
* * * LOW HITPOINT WARNING * * *
The fire elemental hits you. The fire elemental burns you!
You die...

.# ##.... .
.##.....## ..
.#.o.o#.## #
... .....o..#.#
....#.o........
.............
#........o.
#E@.......
......E........
....o..........
...............
#...........o..
.......#.......
.....oo .o.....
....... .....##


You could see an orc knight, 2 fire elementals, 2 orc warriors, 3 orc priests,
an orc wizard and 3 orcs.

Vanquished Creatures
  Snorg (D:10)
  5 boulder beetles
  Erica (D:11)
  4 centaur warriors
  6 death yaks
  5 two-headed ogres
  A tengu warrior (D:13)
  A skeletal warrior (D:14)
  A deep elf pyromancer (D:13)
  An ugly thing (D:11)
  3 orc sorcerers (Orc:2)
  5 cyclopes
  3 manticores
  A torpor snail (Lair:4)
  6 black mambas
  8 cane toads
  7 elephants
  A gargoyle (D:12)
  3 unseen horrors
  A freezing wraith (D:13)
  3 rime drakes
  6 komodo dragons
  3 trolls
  Grinder (D:4)
  A polar bear (Lair:2)
  10 blink frogs
  4 dream sheep (Lair:2)
  6 slime creatures
  4 shadows
  A vampire (D:13)
  A basilisk (Lair:2)
  Eustachio (D:4)
  2 wyverns
  3 wraiths
  28 yaks
  11 vampire mosquitoes
  7 water moccasins
  4 acid dragons
  3 nagas (Lair:2)
  2 ice beasts
  2 sky beasts
  Duvessa (D:5)
  2 black bears
  2 ogres
  2 orc warriors (Orc:2)
  8 centaurs
  6 wolves
  4 phantoms
  A kobold brigand (D:8)
  2 scorpions
  17 bullfrogs
  2 necrophages
  A gnoll sergeant (D:5)
  3 wights (D:7)
  Dowan (D:5)
  2 howler monkeys (D:8)
  3 hounds
  9 orc priests
  Crazy Yiuf (D:4)
  A gnoll bouda (D:7)
  An iguana (D:3)
  Terence (D:2)
  Natasha (thrice) (D:3)
  16 orc wizards
  Robin (D:2)
  5 gnolls (D:7)
  9 adders
  A white imp (D:8)
  A worm (D:2)
  6 dart slugs
  28 orcs
  6 endoplasms
  3 giant cockroaches
  11 goblins
  3 hobgoblins
  18 jackals
  14 kobolds
  8 quokkas
  8 ball pythons
  6 bats
  6 frilled lizards
  8 rats
398 creatures vanquished.

Vanquished Creatures (collateral kills)
  A bullfrog (Lair:3)
1 creature vanquished.

Vanquished Creatures (others)
  2 orc wizards (Orc:2)
  68 foxfires
  16 fungi
  23 plants
  A withered plant (D:14)
110 creatures vanquished.

Grand Total: 509 creatures vanquished

Notes
Turn   | Place    | Note
-------+----------+-------------------------------------------
     0 | D:1      | Popcorn the Human Cinder Acolyte began the quest for the
                  | Orb.
     0 | D:1      | Reached XP level 1. HP: 18/18 MP: 2/2
   271 | D:1      | Reached XP level 2. HP: 24/24 MP: 3/3
   375 | D:1      | Found a faded altar of an unknown god.
   523 | D:1      | Reached skill level 1 in Armour
   552 | D:1      | Reached XP level 3. HP: 26/29 MP: 4/4
  1097 | D:2      | Found Ocousuge's Book Emporium.
  1128 | D:2      | Reached XP level 4. HP: 34/35 MP: 5/5
  1476 | D:2      | Noticed Robin
  1487 | D:2      | Killed Robin
  1905 | D:2      | Noticed Terence
  1932 | D:2      | Reached XP level 5. HP: 23/41 MP: 6/6
  2192 | D:3      | Noticed Natasha
  2200 | D:3      | Killed Natasha
  2429 | D:3      | Noticed Natasha
  2441 | D:3      | Killed Natasha
  2577 | D:3      | Noticed Natasha
  2588 | D:3      | Killed Natasha
  2589 | D:3      | Reached XP level 6. HP: 31/48 MP: 7/7
  3270 | D:4      | Noticed a black bear
  3346 | D:3      | Reached skill level 5 in Polearms
  3579 | D:4      | Noticed Eustachio
  3897 | D:5      | Entered Level 5 of the Dungeon
  3906 | D:4      | Noticed Grinder
  3914 | D:4      | Paralysed by Grinder for 3 turns
  4205 | D:2      | Killed Terence
  4533 | D:5      | Reached XP level 7. HP: 17/55 MP: 8/8
  4686 | D:5      | Found a shimmering altar of Xom.
  5031 | D:6      | Reached skill level 1 in Shields
  5074 | D:6      | Noticed Duvessa
  5075 | D:6      | Noticed Dowan
  5723 | D:7      | Reached XP level 8. HP: 47/61 MP: 9/9
  5848 | D:7      | Reached skill level 5 in Fighting
  6056 | D:7      | Found an ornate altar of the Wu Jian Council.
  6170 | D:7      | Found Kuaxosh's Armour Shop.
  6525 | D:7      | Found Goev's Armour Shoppe.
  6542 | D:7      | Bought a +2 pair of boots for 181 gold pieces
  6584 | D:7      | Bought a +0 pair of gloves for 54 gold pieces
  7001 | D:7      | Reached XP level 9. HP: 69/69 MP: 10/10
  7166 | D:5      | Killed Duvessa
  7179 | D:5      | Killed Dowan
  7180 | D:5      | Reached skill level 5 in Armour
  7319 | D:6      | Found a staircase to the Ecumenical Temple.
  8006 | D:4      | Killed Eustachio
  8162 | D:4      | Killed Grinder
  8207 | D:4      | Found a runed translucent door.
  8208 | D:4      | Noticed Crazy Yiuf
  8390 | D:4      | Killed Crazy Yiuf
  8546 | D:8      | Identified a scroll of acquirement
  8605 | D:8      | Reached XP level 10. HP: 66/77 MP: 11/11
  8661 | D:8      | Found a staircase to the Lair.
  8663 | D:8      | Noticed a rime drake
  8685 | D:8      | Killed a rime drake
  8686 | D:8      | Reached skill level 5 in Shields
  9316 | D:8      | Reached skill level 10 in Polearms
  9335 | D:8      | Acquired 731 gold pieces
  9422 | D:7      | Bought a +1 scale mail of fire resistance for 176 gold
                  | pieces
 10667 | D:9      | Found Qiucryga's Magic Scroll Emporium.
 11102 | D:10     | Entered Level 10 of the Dungeon
 11225 | D:10     | Noticed a two-headed ogre
 11239 | D:10     | Killed a two-headed ogre
 11396 | D:10     | Noticed a two-headed ogre
 11412 | D:10     | Killed a two-headed ogre
 11413 | D:10     | Reached XP level 11. HP: 86/86 MP: 12/12
 11584 | D:10     | Noticed Snorg
 11670 | Lair:1   | Entered Level 1 of the Lair of Beasts
 13429 | Lair:1   | Noticed Urug
 13431 | Lair:1   | Urug changed into Urug the black mamba
 13431 | Lair:1   | Noticed Urug
 13447 | Lair:1   | Killed Urug the black mamba
 14799 | Lair:2   | Reached XP level 12. HP: 84/97 MP: 13/13
 15044 | Lair:1   | Reached skill level 10 in Fighting
 15717 | Lair:2   | Found a staircase to the Snake Pit.
 16085 | Lair:2   | Reached skill level 10 in Shields
 16164 | Lair:2   | Found a staircase to the Shoals.
 16219 | Lair:2   | Reached skill level 1 in Throwing
 17762 | Lair:3   | Reached skill level 5 in Throwing
 18618 | Lair:4   | Noticed a skyshark
 18848 | D:11     | Reached XP level 13. HP: 56/106 MP: 14/14
 19668 | D:10     | Killed Snorg
 20367 | D:11     | Found a staircase to the Orcish Mines.
 20608 | D:11     | Noticed Harold
 20636 | D:11     | Noticed Erica
 21694 | D:12     | Identified the +2 ring mail of Pathos {Str+2 SInv}
 23021 | D:13     | Reached skill level 1 in Dodging
 23194 | D:13     | Noticed a centaur warrior
 23202 | D:13     | Killed a centaur warrior
 23297 | D:13     | Noticed a centaur warrior
 23308 | D:13     | Killed a centaur warrior
 23609 | D:13     | Noticed a centaur warrior
 23617 | D:13     | Killed a centaur warrior
 23618 | D:13     | Reached XP level 14. HP: 108/115 MP: 15/15
 24041 | D:13     | Identified the +1 ring mail "Osumpepe" {Regen+ MP+9 Dex+2
                  | Slay+2}
 24506 | D:14     | Reached skill level 5 in Dodging
 25135 | D:11     | Killed Erica
 25216 | D:11     | Harold changed into Harold the cyclops
 25216 | D:11     | Noticed Harold
 25226 | D:11     | Killed Harold the cyclops
 25563 | D:14     | Found a gate to the Vaults.
 26384 | Lair:4   | Noticed a tentacled starspawn
 26392 | Lair:4   | Noticed F1ng0rz's ghost (journeyman DjCj)
 26397 | Lair:4   | HP: 3/116 [black mamba (12)]
 26615 | Temple   | Entered the Ecumenical Temple
 26637 | Temple   | Fell from the grace of Ignis
 26637 | Temple   | Became a worshipper of Warmaster Okawaru
 32547 | Lair:2   | Fell from the grace of Okawaru
 32669 | Temple   | Became a worshipper of Warmaster Okawaru
 33345 | Lair:4   | Found a one-way gate to the infinite horrors of the Abyss.
 33352 | Lair:4   | Found a transporter.
 33656 | Lair:4   | Found a transporter.
 33747 | Lair:5   | Entered Level 5 of the Lair of Beasts
 34039 | Lair:4   | Reached * piety under Okawaru
 34116 | Lair:4   | You fall into a shaft and drop 1 floor!
 34517 | Lair:4   | You fall into a shaft and drop 1 floor!
 34846 | Orc:1    | Entered Level 1 of the Orcish Mines
 34846 | Orc:1    | Found Reqiorr's Gadget Gallery.
 34928 | Orc:2    | Entered Level 2 of the Orcish Mines
 34942 | Orc:2    | Found a staircase to the Elven Halls.
 35526 | Orc:2    | Reached ** piety under Okawaru
 35573 | Orc:2    | Found Laafu's Book Boutique.
 35609 | Orc:1    | HP: 5/118 [fire elemental[the fiery vengeance of Ignis]
                  | (11)]
 35609 | Orc:1    | Slain by a fire elemental

Illustrated notes

Levels and vault maps discovered:
D:1:      lemuel_arrival_cross, layout_basic, nicolae_ecumenical_lake_church
D:2:      minmay_general_purpose_star, layout_loops_ring, serial_shops, shop,
          uniq_robin, uniq_terence
D:3:      layout_loops_cross, uniq_natasha
D:4:      layout_basic, uniq_grinder, uniq_eustachio, uniq_crazy_yiuf_cottage
D:5:      layout_gridville, mainiacjoe_overflow_catwalk, st_stairs_7
D:6:      layout_rooms, minmay_temple_entry_drinking_statues, uniq_duvessa
D:7:      layout_loops_ring, mainiacjoe_overflow_small_starburst, serial_shops,
          shop, grunt_ogre_cave, nicolae_stop_n_shop_1
D:8:      layout_basic, hellmonk_lair_entry_icy
D:9:      layout_long_grid, serial_shops, nicolae_take_the_stairs,
          nicolae_lava_and_water
D:10:     layout_basic, uniq_snorg
D:11:     layout_big_octagon, orc_0_dummy, serial_column_ruins,
          column_ruins_columns_water, column_ruins_open_medium,
          column_ruins_columns_T, column_ruins_open_medium,
          column_ruins_open_small, uniq_harold, uniq_erica
D:12:     layout_roguey
D:13:     layout_roguey
D:14:     layout_loops_ring, david_vaults_2, serial_undead, serial_undead_f,
          serial_undead_e, serial_undead_e, serial_undead_a,
          nzn_wu_jian_contemplation
Temple:   nicolae_temple_bog_church
Lair:1:   layout_regular_city, infiniplex_staircase_pool_2, uniq_urug
Lair:2:   layout_cave_pods, minmay_shoals_entry_centaurs,
          nicolae_snake_entry_squirm, st_stairs_7
Lair:3:   layout_regular_city, beast_lair_carwin_7
Lair:4:   layout_cave_pods, portal_ice_cave_rime, gammafunk_ghost_abyssal_escape
Lair:5:   wormcave, layout_layer_cave, hangedman_lair_in_review, slime_entry_2
Orc:1:    layout_caves, nicolae_shop_gadgets
Orc:2:    st_orc_town, layout_diamond_mine, basic_altar, serial_shops,
          nicolae_shop_temple_entry_statues_fountains, nicolae_orc_lava_room

Skill      XL: |  1  2  3  4  5  6  7  8  9 10 11 12 13 14 |
---------------+-------------------------------------------+-----
Armour         | 1 2 3 4 5 6 8 |  8.2
Polearms       | 4 5 6 7 9 11 12 13 | 13.3
Fighting       | 4 5 6 8 9 11 12 13 | 13.1
Shields        | 1 3 4 6 8 10 | 10.0
Throwing       | 6 8 |  8.1
Dodging        | 4 8 |  8.2
Spellcasting   | |  1.0
Fire Magic     | |  3.0

Action                     |  1- 3 |  4- 6 |  7- 9 | 10-12 | 13-15 || total
---------------------------+-------+-------+-------+-------+-------++-------
  Melee: Spear             |   109 |   227 |   281 |  1049 |    36 ||  1702
         Punch             |     1 |     2 |       |       |       ||     3
         Trident           |       |       |       |       |   266 ||   266
         Glaive            |       |       |       |       |   570 ||   570
  Throw: Dart              |       |       |     3 |       |    54 ||    57
         Throwing net      |       |       |     2 |     1 |     5 ||     8
         Javelin           |       |       |       |    14 |    17 ||    31
         Boomerang         |       |       |       |       |    22 ||    22
 Invoke: Fiery Armour      |       |       |     1 |       |     5 ||     6
         Foxfire Swarm     |       |       |     1 |     1 |     2 ||     4
         Rising Flame      |       |       |       |       |     1 ||     1
  Evoke: Wand              |       |     8 |    22 |    15 |    19 ||    64
    Use: Scroll            |     1 |    15 |     4 |    11 |    15 ||    46
         Potion            |       |     5 |     1 |     4 |    11 ||    21
   Stab: Invisible         |       |     3 |       |       |     2 ||     5
         Paralysed         |       |       |       |     4 |     4 ||     8
 Armour: Robe              |    30 |    22 |       |       |       ||    52
         Leather armour    |       |    48 |    14 |    43 |       ||   105
         Ring mail         |       |    23 |   109 |       |    55 ||   187
         Scale mail        |       |       |       |   327 |    14 ||   341
         Troll leather arm |       |       |       |       |   369 ||   369
  Dodge: Dodged            |    62 |   173 |    86 |   230 |   459 ||  1010
  Block: Kite shield       |       |       |    77 |   323 |   115 ||   515

Table legend: (Time is in decaauts)
 A = Elapsed time spent in this place.
 B = Non-inter-level travel time spent in this place.
 C = Inter-level travel time spent in this place.
 D = Time resting spent in this place.
 E = Time spent auto-exploring this place.
 F = Levels seen in this place.
 G = Mean time per level.
                   A        B        C        D        E       F      G
               +--------+--------+--------+--------+--------+-----+--------+
         Total |  35553 |  32296 |   3257 |  13918 |  10206 |  22 | 1616.0 |
       Dungeon |  19491 |  17299 |   2192 |   5102 |   6964 |  14 | 1392.2 |
        Temple |    463 |    439 |     24 |    400 |      5 |   1 |  463.0 |
          Lair |  14833 |  13803 |   1030 |   8265 |   2887 |   5 | 2966.6 |
  Orcish Mines |    765 |    755 |     10 |    151 |    349 |   2 |  382.5 |
               +--------+--------+--------+--------+--------+-----+--------+

Top non-repeatable levels by time:
  Lair:2: 7718 daAuts
     D:8: 2655 daAuts
  Lair:3: 2535 daAuts
  Lair:1: 2268 daAuts
  Lair:4: 2176 daAuts
    D:13: 1656 daAuts
     D:9: 1613 daAuts
    D:12: 1594 daAuts
     D:3: 1578 daAuts
     D:7: 1573 daAuts
    D:11: 1553 daAuts
     D:5: 1535 daAuts
     D:2: 1276 daAuts
     D:1: 1200 daAuts
     D:4: 1185 daAuts
